| TOP OF THE 1ST |
|
Colorado Avalanche batting - Pitching for Oakland Oaks : LHP Hector Perdomo
|
|
Pitching: LHP Hector Perdomo
|
|
|
Batting: RHB Kevin Tangeman
|
0-0: Ball 1-0: Ball 2-0: Foul Ball, location: 2F 2-1: Foul Ball, location: 2F 2-2: Fly out, F7 (Line Drive, 7, EV 100.0 MPH)
|
|
Batting: RHB Ray Insley
|
0-0: Ball 1-0: Foul Ball, location: 2F 1-1: SINGLE (Groundball, 56D, EV 96.9 MPH)
|
|
Batting: SHB Brad Madden
|
0-0: Called Strike 0-1: Called Strike 0-2: Ball 1-2: Foul Ball, location: 2F 1-2: Grounds into double play, 1-6-3 (Groundball, 34S, EV 66.3 MPH)
|
| Top of the 1st over - 0 runs, 1 hit, 0 errors, 0 left on base; Colorado 0 - Oakland 0 |
| BOTTOM OF THE 1ST |
|
Oakland Oaks batting - Pitching for Colorado Avalanche : RHP Dan Hoffman
|
|
Pitching: RHP Dan Hoffman
|
|
|
Batting: RHB Brian Callaghan
|
0-0: Called Strike 0-1: Ball 1-1: Ball 2-1: Foul Ball, location: 2F 2-2: Ground out 5-3 (Groundball, 56, EV 85.6 MPH)
|
|
Batting: RHB Antonio Olivares
|
0-0: Ball 1-0: Called Strike 1-1: Ball 2-1: Called Strike 2-2: SINGLE (Line Drive, 9S, EV 98.8 MPH)
|
|
Batting: LHB Alejandro Muniz
|
0-0: Fly out, F9 (Flyball, 89M, EV 88.1 MPH)
|
|
Batting: LHB Mike Murphy
|
0-0: Ball Antonio Olivares steals 2nd base 1-0: Swinging Strike 1-1: Called Strike 1-2: Fly out, F9 (Flyball, 9LD, EV 110.0 MPH)
|
| Bottom of the 1st over - 0 runs, 1 hit, 0 errors, 1 left on base; Colorado 0 - Oakland 0 |
| TOP OF THE 2ND |
|
Colorado Avalanche batting - Pitching for Oakland Oaks : LHP Hector Perdomo
|
|
Batting: SHB Justin Jackson
|
0-0: Ball 1-0: Ground out 5-3 (Groundball, 56, EV 104.4 MPH)
|
|
Batting: LHB Daniel Green
|
0-0: Called Strike 0-1: Ball 1-1: Foul Ball, location: 2F 1-2: Strikes out swinging
|
|
Batting: RHB Maurice Moore
|
0-0: Fly out, F9 (Flyball, 9LS, EV 77.5 MPH)
|
| Top of the 2nd over - 0 runs, 0 hits, 0 errors, 0 left on base; Colorado 0 - Oakland 0 |
| BOTTOM OF THE 2ND |
|
Oakland Oaks batting - Pitching for Colorado Avalanche : RHP Dan Hoffman
|
|
Batting: LHB Marcus Pollard
|
0-0: Ball 1-0: Swinging Strike 1-1: Called Strike 1-2: Strikes out swinging
|
|
Batting: LHB Felipe Gomez
|
0-0: Ball 1-0: Called Strike 1-1: Fly out, F7 (Flyball, 78XD, EV 94.4 MPH)
|
|
Batting: RHB Jon Coakley
|
0-0: Ground out 6-3 (Groundball, 6, EV 85.0 MPH)
|
| Bottom of the 2nd over - 0 runs, 0 hits, 0 errors, 0 left on base; Colorado 0 - Oakland 0 |
| TOP OF THE 3RD |
|
Colorado Avalanche batting - Pitching for Oakland Oaks : LHP Hector Perdomo
|
|
Batting: LHB Paul McClintock
|
0-0: Called Strike 0-1: Foul Ball, location: 2F 0-2: Strikes out looking
|
|
Batting: RHB Chris Kinder
|
0-0: Foul Ball, location: 2F 0-1: Ball 1-1: Foul Ball, location: 2F 1-2: Strikes out swinging
|
|
Batting: SHB Craig Ruzic
|
0-0: Called Strike 0-1: Ground out 6-3 (Groundball, 6, EV 106.9 MPH)
|
| Top of the 3rd over - 0 runs, 0 hits, 0 errors, 0 left on base; Colorado 0 - Oakland 0 |
| BOTTOM OF THE 3RD |
|
Oakland Oaks batting - Pitching for Colorado Avalanche : RHP Dan Hoffman
|
|
Batting: RHB Jake Leffel
|
0-0: Fly out, F9 (Flyball, 89S, EV 95.6 MPH)
|
|
Batting: RHB Alberto Malagon
|
0-0: Ball 1-0: Foul Ball, location: 2F 1-1: Fly out, F8 (Flyball, 8RD, EV 94.4 MPH)
|
|
Batting: RHB Brian Callaghan
|
0-0: Ground out 4-3 (Groundball, 4, EV 81.9 MPH)
|
| Bottom of the 3rd over - 0 runs, 0 hits, 0 errors, 0 left on base; Colorado 0 - Oakland 0 |
| TOP OF THE 4TH |
|
Colorado Avalanche batting - Pitching for Oakland Oaks : LHP Hector Perdomo
|
|
Batting: RHB Kevin Tangeman
|
0-0: Swinging Strike 0-1: Ball 1-1: Ball 2-1: Swinging Strike 2-2: Fly out, F6 (Popup, 6, EV 65.6 MPH)
|
|
Batting: RHB Ray Insley
|
0-0: Ball 1-0: Foul Ball, location: 2F 1-1: SOLO HOME RUN (Flyball, 7LD, EV 97.5 MPH), Distance : 343 ft
|
|
Batting: SHB Brad Madden
|
0-0: Foul Ball, location: 2F 0-1: Swinging Strike 0-2: Fly out, F7 (Line Drive, 7D, EV 82.5 MPH)
|
|
Batting: SHB Justin Jackson
|
0-0: Ball 1-0: Foul Ball, location: 2F 1-1: Fly out, F8 (Flyball, 89M, EV 83.1 MPH)
|
| Top of the 4th over - 1 run, 1 hit, 0 errors, 0 left on base; Colorado 1 - Oakland 0 |
| BOTTOM OF THE 4TH |
|
Oakland Oaks batting - Pitching for Colorado Avalanche : RHP Dan Hoffman
|
|
Batting: RHB Antonio Olivares
|
0-0: Ball 1-0: SINGLE (Groundball, 6MD, EV 100.0 MPH)
|
|
Batting: LHB Alejandro Muniz
|
0-0: Ball 1-0: Foul Ball, location: 2F 1-1: Ball 2-1: SINGLE (Groundball, 34D, EV 102.5 MPH) Antonio Olivares to second Runner from 2nd tries for 3rd, SAFE, throw by RF made to third
|
|
Batting: LHB Mike Murphy
|
0-0: Called Strike 0-1: Ball 1-1: Foul Ball, location: 2F 1-2: Ball Wild Pitch! Antonio Olivares scores Alejandro Muniz to second 2-2: Fly out, F8 (Line Drive, 8RM, EV 94.4 MPH)
|
|
Batting: LHB Marcus Pollard
|
0-0: Called Strike 0-1: Fly out, F4 (Line Drive, 4, EV 67.5 MPH) Lined into DP, 4-6 (Line Drive, 4, EV 71.9 MPH)
|
| Bottom of the 4th over - 1 run, 2 hits, 0 errors, 0 left on base; Colorado 1 - Oakland 1 |
| TOP OF THE 5TH |
|
Colorado Avalanche batting - Pitching for Oakland Oaks : LHP Hector Perdomo
|
|
Batting: LHB Daniel Green
|
0-0: Fly out, F8 (Line Drive, 8LD, EV 94.4 MPH)
|
|
Batting: RHB Maurice Moore
|
0-0: Fly out, F8 (Line Drive, 8RM, EV 95.6 MPH)
|
|
Batting: LHB Paul McClintock
|
0-0: Ball 1-0: Swinging Strike 1-1: Foul Ball, location: 2F 1-2: Ball 2-2: Ball 3-2: Ground out 6-3 (Groundball, 6, EV 104.4 MPH)
|
| Top of the 5th over - 0 runs, 0 hits, 0 errors, 0 left on base; Colorado 1 - Oakland 1 |
| BOTTOM OF THE 5TH |
|
Oakland Oaks batting - Pitching for Colorado Avalanche : RHP Dan Hoffman
|
|
Batting: LHB Felipe Gomez
|
0-0: Ball 1-0: Foul Ball, location: 2F 1-1: Ball 2-1: Ball 3-1: Called Strike 3-2: Base on Balls
|
|
Batting: RHB Jon Coakley
|
0-0: Called Strike Felipe Gomez steals 2nd, throwing error, E2 Felipe Gomez to third 0-1: Ball 1-1: Called Strike 1-2: Foul Ball, location: 2F 1-2: DOUBLE (Groundball, 5L, EV 101.9 MPH) Felipe Gomez scores
|
|
Batting: RHB Jake Leffel
|
0-0: Ball 1-0: Swinging Strike 1-1: Foul Ball, location: 2F 1-2: Ball 2-2: Foul Ball, location: 2F 2-2: DOUBLE (Line Drive, 9LM, EV 106.9 MPH) Jon Coakley scores
|
|
Batting: RHB Alberto Malagon
|
0-0: Ball 1-0: Ball 2-0: Foul Ball, location: 2F 2-1: Foul Ball, location: 2F 2-2: Ball 3-2: SINGLE (Line Drive, 56D, EV 96.3 MPH) Jake Leffel to third
|
|
Pitching: RHP Kevin McKasson
|
|
|
Batting: RHB Brian Callaghan
|
0-0: Ball Wild Pitch! Jake Leffel scores Alberto Malagon to second 1-0: Ball 2-0: Foul Ball, location: 2F 2-1: Ground out 6-3 (Groundball, 56, EV 85.0 MPH)
|
|
Batting: RHB Antonio Olivares
|
0-0: Fly out, F3 (Line Drive, 3, EV 76.3 MPH)
|
|
Batting: LHB Alejandro Muniz
|
0-0: Ball 1-0: 2-RUN HOME RUN (Flyball, 7D, EV 98.1 MPH), Distance : 381 ft
|
|
Batting: LHB Mike Murphy
|
0-0: Ball 1-0: Called Strike 1-1: Ball 2-1: Ball 3-1: Base on Balls
|
|
Batting: LHB Marcus Pollard
|
0-0: Called Strike Mike Murphy is caught stealing 2nd base 2-6
|
| Bottom of the 5th over - 5 runs, 4 hits, 1 error, 0 left on base; Colorado 1 - Oakland 6 |
| TOP OF THE 6TH |
|
Colorado Avalanche batting - Pitching for Oakland Oaks : LHP Hector Perdomo
|
|
Batting: RHB Chris Kinder
|
0-0: Called Strike 0-1: Fly out, F8 (Flyball, 8RM, EV 83.8 MPH)
|
|
Batting: SHB Craig Ruzic
|
0-0: Swinging Strike 0-1: Ground out 6-3 (Groundball, 6S, EV 78.8 MPH)
|
|
Batting: RHB Kevin Tangeman
|
0-0: Ball 1-0: Called Strike 1-1: Ball 2-1: Ball 3-1: Foul Ball, location: 2F 3-2: Ground out 6-3 (Groundball, 6, EV 87.5 MPH)
|
| Top of the 6th over - 0 runs, 0 hits, 0 errors, 0 left on base; Colorado 1 - Oakland 6 |
| BOTTOM OF THE 6TH |
|
Oakland Oaks batting - Pitching for Colorado Avalanche : RHP Kevin McKasson
|
|
Batting: LHB Marcus Pollard
|
0-0: Ball 1-0: Ball 2-0: Foul Ball, location: 2F 2-1: Foul Ball, location: 2F 2-2: SINGLE (Line Drive, 8LM, EV 96.3 MPH)
|
|
Batting: LHB Felipe Gomez
|
0-0: Ball 1-0: Foul Ball, location: 2F 1-1: Called Strike Marcus Pollard steals 2nd base 1-2: Foul Ball, location: 2F 1-2: Fly out, F8 (Flyball, 78M, EV 73.8 MPH)
|
|
Batting: RHB Jon Coakley
|
0-0: Ball 1-0: Ball 2-0: Ball 3-0: Base on Balls
|
|
Batting: RHB Jake Leffel
|
0-0: Ball 1-0: Fielders Choice at 2nd, 6-4 (Groundball, 6, EV 80.0 MPH) Marcus Pollard to third
|
|
Batting: RHB Alberto Malagon
|
0-0: Ball Wild Pitch! Marcus Pollard scores Jake Leffel to second 1-0: Called Strike 1-1: Swinging Strike 1-2: Ball 2-2: Ball 3-2: Base on Balls
|
|
Batting: RHB Brian Callaghan
|
0-0: Ball 1-0: Called Strike 1-1: Ball 2-1: Foul Ball, location: 2F 2-2: Ball 3-2: Foul Ball, location: 2F 3-2: SINGLE (Flyball, 8RS, EV 95.6 MPH) Jake Leffel to third Alberto Malagon to second Jake Leffel scores Alberto Malagon to third
|
|
Batting: RHB Antonio Olivares
|
0-0: Ball 1-0: Foul Ball, location: 2F 1-1: Foul Ball, location: 2F 1-2: Foul Ball, location: 2F 1-2: 3-RUN HOME RUN (Flyball, 78XD, EV 114.4 MPH), Distance : 433 ft
|
|
Pitching: RHP Bob Hayes
|
|
|
Batting: LHB Alejandro Muniz
|
0-0: Called Strike 0-1: Ball 1-1: Ball 2-1: DOUBLE (Flyball, 8LXD, EV 98.1 MPH)
|
|
Batting: LHB Mike Murphy
|
0-0: Called Strike 0-1: Foul Ball, location: 2F 0-2: Ball 1-2: Foul Ball, location: 2F 1-2: Foul Ball, location: 2F 1-2: Ball 2-2: Hit by Pitch
|
|
Batting: LHB Marcus Pollard
|
0-0: Ball 1-0: Foul Ball, location: 2F 1-1: Fly out, F8 (Line Drive, 8RD, EV 90.0 MPH)
|
| Bottom of the 6th over - 5 runs, 4 hits, 0 errors, 2 left on base; Colorado 1 - Oakland 11 |
| TOP OF THE 7TH |
|
Colorado Avalanche batting - Pitching for Oakland Oaks : LHP Hector Perdomo
|
|
Pinch Hitting: SHB Clayton Saunders
|
0-0: Ball 1-0: Called Strike 1-1: Foul Ball, location: 2F 1-2: Foul Ball, location: 2F 1-2: Ball 2-2: Strikes out swinging
|
|
Batting: SHB Brad Madden
|
0-0: Ball 1-0: Ball 2-0: SINGLE (Groundball, 56D, EV 103.8 MPH)
|
|
Batting: SHB Justin Jackson
|
0-0: Called Strike 0-1: Foul Ball, location: 2F 0-2: Ball 1-2: Fly out, F8 (Line Drive, 8RD, EV 90.6 MPH)
|
|
Pinch Hitting: RHB John Corfield
|
0-0: Ball 1-0: Ground out U3 (Groundball, 13, EV 80.0 MPH)
|
| Top of the 7th over - 0 runs, 1 hit, 0 errors, 1 left on base; Colorado 1 - Oakland 11 |
| BOTTOM OF THE 7TH |
|
Oakland Oaks batting - Pitching for Colorado Avalanche : RHP Bob Hayes
|
|
Now in LF: Clayton Saunders
|
|
|
Now in RF: Georges Lambert
|
|
|
Batting: LHB Felipe Gomez
|
0-0: Ball 1-0: Fly out, F8 (Flyball, 8LM, EV 88.1 MPH)
|
|
Batting: RHB Jon Coakley
|
0-0: Ground out 4-3 (Groundball, 4M, EV 110.0 MPH)
|
|
Batting: RHB Jake Leffel
|
0-0: Ball 1-0: Ball 2-0: Called Strike 2-1: Fly out, F7 (Flyball, 78S, EV 91.3 MPH)
|
| Bottom of the 7th over - 0 runs, 0 hits, 0 errors, 0 left on base; Colorado 1 - Oakland 11 |
| TOP OF THE 8TH |
|
Colorado Avalanche batting - Pitching for Oakland Oaks : LHP Hector Perdomo
|
|
Batting: RHB Maurice Moore
|
0-0: Ground out 4-3 (Groundball, 4S, EV 78.8 MPH)
|
|
Batting: LHB Paul McClintock
|
0-0: Ball 1-0: Fly out, F7 (Flyball, 7S, EV 82.5 MPH)
|
|
Batting: RHB Chris Kinder
|
0-0: Called Strike 0-1: Ball 1-1: Ground out 3-1 (Groundball, 34S, EV 88.1 MPH)
|
| Top of the 8th over - 0 runs, 0 hits, 0 errors, 0 left on base; Colorado 1 - Oakland 11 |
| BOTTOM OF THE 8TH |
|
Oakland Oaks batting - Pitching for Colorado Avalanche : RHP Bob Hayes
|
|
Batting: RHB Alberto Malagon
|
0-0: Called Strike 0-1: Called Strike 0-2: Fly out, F3 (Popup, 3S, EV 73.8 MPH)
|
|
Batting: RHB Brian Callaghan
|
0-0: Ball 1-0: Called Strike 1-1: Foul Ball, location: 2F 1-2: Fly out, F8 (Line Drive, 8RM, EV 94.4 MPH)
|
|
Batting: RHB Antonio Olivares
|
0-0: Ball 1-0: Ball 2-0: Ball 3-0: Called Strike 3-1: Base on Balls
|
|
Batting: LHB Alejandro Muniz
|
0-0: Foul Ball, location: 2F 0-1: Fly out, F8 (Line Drive, 8RM, EV 95.6 MPH)
|
| Bottom of the 8th over - 0 runs, 0 hits, 0 errors, 1 left on base; Colorado 1 - Oakland 11 |
| TOP OF THE 9TH |
|
Colorado Avalanche batting - Pitching for Oakland Oaks : LHP Hector Perdomo
|
|
Batting: SHB Craig Ruzic
|
0-0: Ball 1-0: SINGLE (Line Drive, 56, EV 96.9 MPH)
|
|
Batting: RHB Kevin Tangeman
|
0-0: Ball 1-0: Foul Ball, location: 2F 1-1: Ball 2-1: Foul Ball, location: 2F 2-2: Fly out, F2 (Popup, 23F, EV 83.1 MPH)
|
|
Batting: SHB Clayton Saunders
|
0-0: Ball 1-0: Foul Ball, location: 2F 1-1: Foul Ball, location: 2F 1-2: Foul Ball, location: 2F 1-2: Foul Ball, location: 2F 1-2: Fly out, F9 (Line Drive, 9D, EV 98.8 MPH)
|
|
Batting: SHB Brad Madden
|
0-0: Called Strike 0-1: Swinging Strike 0-2: Foul Ball, location: 2F 0-2: SINGLE (Groundball, 6MD, EV 98.1 MPH) Craig Ruzic to second
|
|
Batting: SHB Justin Jackson
|
0-0: Swinging Strike 0-1: Ball 1-1: Foul Ball, location: 2F 1-2: Ball 2-2: Ground out 4-3 (Groundball, 4, EV 86.3 MPH)
|
| Top of the 9th over - 0 runs, 2 hits, 0 errors, 2 left on base; Colorado 1 - Oakland 11 |
|